 Dungeon Crawl Stone Soup version 0.18.1-47-g9310371 (webtiles) character file.

562 matakusis the Scholar of Death (level 7, -10/46 HPs)
             Began as a Demonspawn Necromancer on June 14, 2016.
             Was a Follower of Kikubaaqudgha.
             Mangled by an iguana (14 damage)
             ... on level 5 of the Dungeon.
             The game lasted 00:23:27 (4987 turns).

matakusis the Scholar of Death (DsNe)               Turns: 4987, Time: 00:23:28

Health: -10/46     AC:  4    Str:  8    XL:     7   Next: 10%
Magic:  14/14      EV: 13    Int: 19    God:    Kikubaaqudgha [*.....]
Gold:   184        SH:  0    Dex: 13    Spells: 3 memorised, 10 levels left

rFire  + . .     SeeInvis .     m - +1 dagger
rCold  . . .     Gourm    .     a - +0 robe
rNeg   . . .     Faith    .     (no shield)
rPois  .         Spirit   .     l - +0 helmet
rElec  .         Dismiss  .     j - +0 cloak
rCorr  .         Reflect  .     (no gloves)
SustAt .         Harm     .     (no boots)
MR     .....                    u - amulet of inaccuracy (curse)
Stlth  +++.......               (no ring)
                                k - ring of wizardry

@: not resistant to hostile enchantments, fairly stealthy
A: claws 1, fire resistance 1, nightstalker 1, flame cloud immunity
a: Receive Corpses, Renounce Religion


You were on level 5 of the Dungeon.
You worshipped Kikubaaqudgha.
Kikubaaqudgha was aware of your devotion.
You were not hungry.

You visited 1 branch of the dungeon, and saw 5 of its levels.

You collected 184 gold pieces.

Inventory:

Hand Weapons
 m - a +1 dagger (weapon)
Missiles
 n - 51 stones (quivered)
Armour
 a - a +0 robe (worn)
 j - a +0 cloak (worn)
 l - a +0 helmet (worn)
Jewellery
 k - a ring of wizardry (left claw)
 r - an uncursed ring of ice
 u - a cursed amulet of inaccuracy (around neck)
Wands
 f - a wand of lightning (3/15)
Scrolls
 d - 2 scrolls of enchant weapon
 e - a scroll of fog
 h - 3 scrolls of teleportation
 i - 5 scrolls of identify
 o - a scroll of fear
 q - 2 scrolls of blinking
 s - a scroll of magic mapping
Books
 b - a book of Necromancy

   Spells                             Type                      Level
   a - Pain                           Necromancy                   1
   b - Animate Skeleton               Necromancy                   1
   c - Vampiric Draining              Necromancy                   3
   d - Regeneration                   Charms/Necromancy            3
   e - Animate Dead                   Necromancy                   4
   f - Control Undead                 Necromancy                   4
 p - a book of Debilitation

   Spells                             Type                      Level
   a - Corona                         Hexes                        1
   b - Slow                           Hexes                        2
   c - Gell's Gravitas                Hexes/Translocation          3
   d - Inner Flame                    Hexes/Fire                   3
   e - Cause Fear                     Hexes                        4
   f - Leda's Liquefaction            Hexes/Earth                  4
 t - Kikubaaqudgha's Almanac of Darkness
   (Kikubaaqudgha gifted it to you on level 5 of the Dungeon)

   Spells                             Type                      Level
   a - Pain                           Necromancy                   1
   b - Corpse Rot                     Necromancy                   2
   c - Sublimation of Blood           Necromancy                   2
   d - Regeneration                   Charms/Necromancy            3
   e - Control Undead                 Necromancy                   4
Comestibles
 c - 6 bread rations
 g - 2 meat rations
 v - 3 fruits


   Skills:
 + Level 2.6 Dodging
 - Level 1.7 Stealth
 + Level 5.0 Spellcasting
 + Level 7.1 Necromancy


You had 10 spell levels left.
You knew the following spells:

 Your Spells              Type           Power        Failure   Level  Hunger
a - Pain                  Necr           ####         1%          1    None
b - Animate Skeleton      Necr           N/A          1%          1    None
c - Animate Dead          Necr           N/A          4%          4    ####...


Dungeon Overview and Level Annotations

Branches:
Dungeon (5/15)
 Temple: D:4-7

Altars:
Ashenzari
Cheibriados
Dithmenos
Elyvilon
Gozag
Kikubaaqudgha
Nemelex Xobeh


Innate Abilities, Weirdness & Mutations

You have sharp fingernails.
Your flesh is heat resistant.
You are slightly more attuned to the shadows.
You are immune to clouds of flame.


Message History

The crimson imp barely misses you. The iguana closely misses you.
The crimson imp hits you. The iguana bites you. The crimson imp hits you.
The iguana barely misses you.
The crimson imp hits you but does no damage.
The iguana hisses menacingly.
The iguana bites you but does no damage.
The crimson imp barely misses you. The iguana barely misses you.
The crimson imp puffs mist at you.
The crimson imp blinks!
The iguana bites you! The iguana closely misses you. The iguana bites you!
* * * LOW HITPOINT WARNING * * *
The iguana closely misses you. The iguana misses you.
The iguana completely misses you.
The iguana bites you but does no damage.
The crimson imp blinks!
The iguana bites you!
You die...
Kikubaaqudgha rasps: "You have failed me!
Welcome... death!"

####### ...... #...#
#..# ######.#### ####
#l@.§.5...# .<.#
#.####.##.# ..<# #.#
#.# ...# ##########.#
##.# # ...#
#.......##.# #..##.###
...#
#.......##.###........
...#
#.......##.##......###
...#
#.........§........#
####
#.......#######.####


You could see an iguana and a crimson imp.

Vanquished Creatures
  Sigmund (D:5)
  A crimson imp (D:5)
  3 hounds (D:4)
  An orc wizard (D:4)
  Jessica (D:3)
  A worker ant (D:4)
  4 adders
  2 worms (D:2)
  3 giant geckos
  9 orcs
  5 giant cockroaches
  6 goblins
  14 hobgoblins
  2 jackals (D:4)
  3 quokkas (D:2)
  4 ball pythons
  8 bats
  6 giant newts
  3 kobolds
  12 rats
89 creatures vanquished.

Vanquished Creatures (collateral kills)
  An ogre (D:4)
  A giant gecko (D:3)
  An orc (D:3)
  A giant cockroach (D:1)
  A goblin (D:3)
  A hobgoblin (D:2)
  A ball python (D:2)
  2 bats
  A giant newt (D:1)
  A jackal skeleton (D:4)
  2 rats (D:2)
13 creatures vanquished.

Grand Total: 102 creatures vanquished

Notes
Turn   | Place    | Note
--------------------------------------------------------------
     0 | D:1      | matakusis the Demonspawn Necromancer began the quest for the Orb.
     0 | D:1      | Reached XP level 1. HP: 13/13 MP: 3/3
    68 | D:1      | Learned a level 1 spell: Animate Skeleton
   306 | D:1      | Gained mutation: Your flesh is heat resistant. [demonic ancestry]
   306 | D:1      | Reached XP level 2. HP: 19/19 MP: 3/5
   538 | D:1      | Reached skill level 5 in Necromancy
   969 | D:1      | Gained mutation: You have sharp fingernails. [demonic ancestry]
   969 | D:1      | Reached XP level 3. HP: 16/24 MP: 0/6
  1624 | D:2      | Reached XP level 4. HP: 3/30 MP: 1/8
  1935 | D:2      | Learned a level 4 spell: Animate Dead
  2874 | D:3      | Found a white marble altar of Elyvilon.
  2875 | D:3      | Found a sparkling altar of Nemelex Xobeh.
  3151 | D:3      | Noticed Jessica
  3158 | D:3      | Killed Jessica
  3203 | D:3      | Found a snail-covered altar of Cheibriados.
  3205 | D:3      | Found an ancient bone altar of Kikubaaqudgha.
  3211 | D:3      | Became a worshipper of Kikubaaqudgha
  3328 | D:3      | Reached XP level 5. HP: 35/35 MP: 3/9
  3535 | D:3      | Reached skill level 6 in Necromancy
  3586 | D:3      | Found a shadowy altar of Dithmenos.
  3588 | D:3      | Found an opulent altar of Gozag.
  3961 | D:4      | Found a shattered altar of Ashenzari.
  4010 | D:4      | Gained mutation: You are immune to clouds of flame. [demonic ancestry]
  4010 | D:4      | Reached XP level 6. HP: 37/41 MP: 8/12
  4732 | D:5      | Entered Level 5 of the Dungeon
  4816 | D:5      | Noticed Sigmund
  4822 | D:5      | Killed Sigmund
  4822 | D:5      | Reached skill level 5 in Spellcasting
  4822 | D:5      | Reached skill level 7 in Necromancy
  4822 | D:5      | Gained mutation: You are slightly more attuned to the shadows. [demonic ancestry]
  4822 | D:5      | Reached XP level 7. HP: 43/46 MP: 8/14
  4876 | D:5      | Reached * piety under Kikubaaqudgha
  4876 | D:5      | Received a gift from Kikubaaqudgha
  4884 | D:5      | Identified Kikubaaqudgha's Almanac of Darkness (Kikubaaqudgha gifted it to you on level 5 of the Dungeon)
  4987 | D:5      | Mangled by an iguana

Skill      XL: |  1  2  3  4  5  6 |
---------------+-------------------+-----
Dodging        | 2 |  2.6
Necromancy     | 5 6 7 |  7.1
Spellcasting   | 3 4 5 |  5.0
Stealth        | |  1.7

Action                   |  1- 3 |  4- 6 |  7- 9 || total
-------------------------+-------+-------+-------++-------
Melee: Unarmed           |     5 |       |       ||     5
       Dagger            |    10 |    45 |    16 ||    71
 Cast: Pain              |    65 |   128 |     1 ||   194
       Animate Skeleton  |    19 |     3 |       ||    22
       Animate Dead      |       |    19 |       ||    19
  Use: Potion            |     1 |     4 |       ||     5
       Scroll            |       |    10 |       ||    10
 Stab: Sleeping          |       |     2 |     1 ||     3
  Eat: Chunk             |     3 |    11 |       ||    14
       Meat ration       |       |     1 |       ||     1
Armor: Robe              |     8 |    13 |    11 ||    32
Dodge: Dodged            |    36 |    40 |    27 ||   103
